3AAA
SUNSET DISTRICT FOG @ FLORIDA MEN
05/07/2031
 
TOP OF THE 1ST
Sunset District Fog batting - Pitching for Florida Men : LHP Wiley Fritzler
Pitching: LHP Wiley Fritzler
Batting: SHB José Ángel 0-0: Ball
1-0: Called Strike
1-1: Ball
2-1: Ground out U3 (Groundball, 3)
Batting: LHB Armando Carmona 0-0: Ball
1-0: Swinging Strike
1-1: Swinging Strike
1-2: Foul Ball, location: 2F
1-2: Foul Ball, location: 2F
1-2: Ball
2-2: Strikes out swinging
Batting: RHB Colin O'Connell 0-0: Called Strike
0-1: Ball
1-1: Ground out 6-3 (Groundball, 6M)
Top of the 1st over - 0 runs, 0 hits, 0 errors, 0 left on base; Sunset District 0 - Florida 0
BOTTOM OF THE 1ST
Florida Men batting - Pitching for Sunset District Fog : LHP Felipe Lozano
Pitching: LHP Felipe Lozano
Batting: LHB Jim Halpert 0-0: Ball
1-0: Called Strike
1-1: Foul Ball, location: 2F
1-2: Foul Ball, location: 2F
1-2: Ball
2-2: SINGLE (Groundball, 4MD)
Batting: RHB Henry Lambright 0-0: Called Strike
0-1: Ball
1-1: Foul Ball, location: 2F
1-2: SINGLE (Groundball, 34D)
Jim Halpert to second
Runner from 2nd tries for 3rd, SAFE, no throw
Batting: RHB Kyle Vandenbrink 0-0: Called Strike
0-1: Grounds into double play, 6-4-3 (Groundball, 6)
Jim Halpert scores
Batting: RHB Jorge Díaz 0-0: Swinging Strike
0-1: Ball
1-1: Foul Ball, location: 2F
1-2: Ball
2-2: Fly out, F3 (Line Drive, 3S)
Bottom of the 1st over - 1 run, 2 hits, 0 errors, 0 left on base; Sunset District 0 - Florida 1
TOP OF THE 2ND
Sunset District Fog batting - Pitching for Florida Men : LHP Wiley Fritzler
Batting: LHB Tim O'Neal 0-0: Ball
1-0: Called Strike
1-1: Swinging Strike
1-2: Ball
2-2: Ball
3-2: Foul Ball, location: 2F
3-2: Foul Ball, location: 2F
3-2: Foul Ball, location: 2F
3-2: Base on Balls
Batting: SHB Joaquín Reyes 0-0: Called Strike
0-1: Fly out, F3 (Popup, 3S)
Batting: RHB Jud Regan 0-0: Called Strike
0-1: Ball
1-1: Swinging Strike
1-2: Strikes out swinging
Batting: SHB José Rico 0-0: Called Strike
0-1: Called Strike
0-2: Strikes out swinging
Top of the 2nd over - 0 runs, 0 hits, 0 errors, 1 left on base; Sunset District 0 - Florida 1
BOTTOM OF THE 2ND
Florida Men batting - Pitching for Sunset District Fog : LHP Felipe Lozano
Batting: RHB Ricardo Cardenas 0-0: Called Strike
0-1: SINGLE (Line Drive, 5)
Batting: RHB Manny Maltby 0-0: Ball
1-0: Fly out, F8 (Flyball, 8LM)
Batting: LHB Alfred Miles 0-0: Foul Ball, location: 2F
0-1: Ball
1-1: Foul Ball, location: 2F
1-2: Strikes out swinging
Batting: SHB Tim Fowler 0-0: Ball
1-0: Called Strike
1-1: Ball
2-1: Foul Ball, location: 2F
2-2: Ball
3-2: DOUBLE (Flyball, 8LXD)
Ricardo Cardenas to third
Ricardo Cardenas scores
Batting: RHB Warner Robinson 0-0: Ball
1-0: Foul Ball, location: 2F
1-1: Swinging Strike
1-2: Ball
2-2: SINGLE (Groundball, 56S) (infield hit)
Tim Fowler to third
Batting: LHB Jim Halpert 0-0: Ball
1-0: Swinging Strike
1-1: SINGLE (Flyball, 78S)
Tim Fowler scores
Warner Robinson to second
Batting: RHB Henry Lambright 0-0: Ball
1-0: Called Strike
1-1: Ball
2-1: Ball
3-1: Called Strike
3-2: Base on Balls
Warner Robinson to third
Jim Halpert to second
Batting: RHB Kyle Vandenbrink 0-0: Ball
1-0: Called Strike
1-1: Ball
2-1: SINGLE (Line Drive, 7S)
Warner Robinson scores
Jim Halpert to third
Henry Lambright to second
Runner from 3rd tries for Home, SAFE, no throw
Batting: RHB Jorge Díaz 0-0: Foul Ball, location: 2F
0-1: Ball
1-1: Ball
2-1: Ball
3-1: Fly out, F8 (Flyball, 8RXD)
Bottom of the 2nd over - 4 runs, 5 hits, 0 errors, 2 left on base; Sunset District 0 - Florida 5
TOP OF THE 3RD
Sunset District Fog batting - Pitching for Florida Men : LHP Wiley Fritzler
Batting: SHB Orlando Villa 0-0: Ball
1-0: Called Strike
1-1: Foul Ball, location: 2F
1-2: Ball
2-2: Fly out, F8 (Flyball, 8RM)
Batting: LHB Enrique Vásquez 0-0: Ball
1-0: Called Strike
1-1: Ball
2-1: Ball
3-1: Foul Ball, location: 2F
3-2: Strikes out swinging
Batting: SHB José Ángel 0-0: Foul Ball, location: 2F
0-1: Ground out 5-3 (Groundball, 56S)
Top of the 3rd over - 0 runs, 0 hits, 0 errors, 0 left on base; Sunset District 0 - Florida 5
BOTTOM OF THE 3RD
Florida Men batting - Pitching for Sunset District Fog : LHP Felipe Lozano
Batting: RHB Ricardo Cardenas 0-0: Ball
1-0: Ball
2-0: Ball
3-0: Called Strike
3-1: Base on Balls
Batting: RHB Manny Maltby 0-0: Called Strike
0-1: Ball
1-1: Grounds into double play, 4-6-3 (Groundball, 34D)
Batting: LHB Alfred Miles 0-0: Ball
1-0: Foul Ball, location: 2F
1-1: DOUBLE (Line Drive, 89XD)
Batting: SHB Tim Fowler 0-0: Ball
1-0: Ball
2-0: Ball
3-0: Called Strike
3-1: Foul Ball, location: 2F
3-2: Strikes out swinging, 2-3 out at first.
Bottom of the 3rd over - 0 runs, 1 hit, 0 errors, 1 left on base; Sunset District 0 - Florida 5
TOP OF THE 4TH
Sunset District Fog batting - Pitching for Florida Men : RHP Carlos González
Pitching: RHP Carlos González
Batting: LHB Armando Carmona 0-0: Called Strike
0-1: Swinging Strike
0-2: Ball
1-2: Ball
2-2: Strikes out looking
Batting: RHB Colin O'Connell 0-0: Ball
1-0: Fly out, F9 (Flyball, 9S)
Batting: LHB Tim O'Neal 0-0: Ball
1-0: Foul Ball, location: 2F
1-1: SINGLE (Flyball, 9LS)
Batting: SHB Joaquín Reyes 0-0: Called Strike
0-1: SINGLE (Groundball, 56D)
Tim O'Neal to second
Batting: RHB Jud Regan 0-0: Called Strike
0-1: Ball
1-1: Ball
2-1: Foul Ball, location: 2F
2-2: Ball
3-2: Base on Balls
Tim O'Neal to third
Joaquín Reyes to second
Batting: SHB José Rico 0-0: Ball
1-0: SINGLE (Groundball, 4MD)
Tim O'Neal scores
Joaquín Reyes to third
Jud Regan to second
Runner from 3rd tries for Home, SAFE, throw made home
Batting: SHB Orlando Villa 0-0: Called Strike
0-1: Ball
1-1: Called Strike
1-2: Ball
2-2: SINGLE (Line Drive, 6M)
Jud Regan to third
José Rico to second
Runner from 3rd tries for Home, SAFE, no throw
Batting: LHB Enrique Vásquez 0-0: Ball
1-0: Called Strike
1-1: Ball
2-1: Fielders Choice at 2nd, 6-4 (Groundball, 6)
Top of the 4th over - 3 runs, 4 hits, 0 errors, 2 left on base; Sunset District 3 - Florida 5
BOTTOM OF THE 4TH
Florida Men batting - Pitching for Sunset District Fog : LHP Felipe Lozano
Batting: RHB Warner Robinson 0-0: Swinging Strike
0-1: Ball
1-1: Ball
2-1: Fly out, F4 (Popup, 4)
Pitching: LHP Cristo Perales
Batting: LHB Jim Halpert 0-0: Ball
1-0: Ball
2-0: Called Strike
2-1: Ball
3-1: Fly out, F8 (Flyball, 8LD)
Batting: RHB Henry Lambright 0-0: Reached on error, E3 (Groundball, 34)
Batting: RHB Kyle Vandenbrink 0-0: Ground out 1-3 (Groundball, 13S)
Bottom of the 4th over - 0 runs, 0 hits, 1 error, 1 left on base; Sunset District 3 - Florida 5
TOP OF THE 5TH
Sunset District Fog batting - Pitching for Florida Men : RHP Carlos González
Batting: SHB José Ángel 0-0: Ball
1-0: Called Strike
1-1: Foul Ball, location: 2F
1-2: Ball
2-2: Ground out 4-3 (Groundball, 4)
Batting: LHB Armando Carmona 0-0: Ball
1-0: Foul Ball, location: 2F
1-1: Ball
2-1: Ground out 4-3 (Groundball, 34)
Batting: RHB Colin O'Connell 0-0: Ball
1-0: Foul Ball, location: 2F
1-1: Ball
2-1: Ball
3-1: Foul Ball, location: 2F
3-2: Foul Ball, location: 2F
3-2: Foul Ball, location: 2F
3-2: Hit by Pitch
Batting: LHB Tim O'Neal 0-0: Foul Ball, location: 2F
0-1: Called Strike
0-2: TRIPLE (Flyball, 9D)
Colin O'Connell scores
Batting: SHB Joaquín Reyes 0-0: Ball
1-0: Ball
2-0: Called Strike
2-1: Ball
3-1: Base on Balls
Batting: RHB Jud Regan 0-0: Called Strike
0-1: Foul Ball, location: 2F
0-2: Strikes out swinging
Top of the 5th over - 1 run, 1 hit, 0 errors, 2 left on base; Sunset District 4 - Florida 5
BOTTOM OF THE 5TH
Florida Men batting - Pitching for Sunset District Fog : LHP Cristo Perales
Batting: RHB Jorge Díaz 0-0: Ball
1-0: Called Strike
1-1: Fly out, F8 (Flyball, 8LS)
Batting: RHB Ricardo Cardenas 0-0: Ground out 6-3 (Groundball, 6)
Batting: RHB Manny Maltby 0-0: Called Strike
0-1: Ball
1-1: Swinging Strike
1-2: Foul Ball, location: 2F
1-2: SINGLE (Groundball, 6MD)
Batting: LHB Alfred Miles 0-0: Ball
1-0: Ball
2-0: Foul Ball, location: 2F
2-1: Foul Ball, location: 2F
2-2: Fly out, F6 (Line Drive, 6)
Bottom of the 5th over - 0 runs, 1 hit, 0 errors, 1 left on base; Sunset District 4 - Florida 5
TOP OF THE 6TH
Sunset District Fog batting - Pitching for Florida Men : RHP Carlos González
Pitching: RHP Tadayoshi Tanaka
Batting: SHB José Rico 0-0: Called Strike
0-1: Ball
1-1: Called Strike
1-2: Foul Ball, location: 2F
1-2: Ball
2-2: Ball
3-2: Foul Ball, location: 2F
3-2: Foul Ball, location: 2F
3-2: Foul Ball, location: 2F
3-2: Foul Ball, location: 2F
3-2: Fly out, F7 (Flyball, 7S)
Batting: SHB Orlando Villa 0-0: Called Strike
0-1: Ball
1-1: Ball
2-1: Ball
3-1: Base on Balls
Batting: LHB Enrique Vásquez 0-0: Ball
1-0: Ball
2-0: Ball
3-0: Called Strike
3-1: Foul Ball, location: 2F
3-2: Fly out, F4 (Popup, 4MD)
Batting: SHB José Ángel 0-0: Ball
1-0: Called Strike
1-1: Ball
2-1: Foul Ball, location: 2F
2-2: Fly out, F8 (Flyball, 8LD)
Top of the 6th over - 0 runs, 0 hits, 0 errors, 1 left on base; Sunset District 4 - Florida 5
BOTTOM OF THE 6TH
Florida Men batting - Pitching for Sunset District Fog : LHP Cristo Perales
Batting: SHB Tim Fowler 0-0: Ball
1-0: Ball
2-0: Swinging Strike
2-1: Ball
3-1: Base on Balls
Batting: RHB Warner Robinson 0-0: Sac Bunt - play at first, batter OUT! 1-3
Tim Fowler to second
Batting: LHB Jim Halpert 0-0: Called Strike
0-1: Foul Ball, location: 2F
0-2: Strikes out swinging
Batting: RHB Henry Lambright 0-0: Ball
1-0: Called Strike
1-1: Foul Ball, location: 2F
1-2: Ball
2-2: Ball
Wild Pitch!
Tim Fowler to third
3-2: Foul Ball, location: 2F
3-2: Base on Balls
Batting: RHB Kyle Vandenbrink 0-0: Called Strike
0-1: SINGLE (Line Drive, 7S)
Tim Fowler scores
Henry Lambright to second
Batting: RHB Jorge Díaz 0-0: Ball
1-0: SINGLE (Line Drive, 6MD)
Henry Lambright to third
Kyle Vandenbrink to second
Batting: RHB Ricardo Cardenas 0-0: Ball
1-0: GRAND SLAM HOME RUN (Line Drive, 7LD), Distance : 357 ft
Pitching: RHP Reynaldo Maestas
Batting: RHB Manny Maltby 0-0: Ball
1-0: Ball
2-0: Fly out, F9 (Flyball, 9LSF)
Bottom of the 6th over - 5 runs, 3 hits, 0 errors, 0 left on base; Sunset District 4 - Florida 10
TOP OF THE 7TH
Sunset District Fog batting - Pitching for Florida Men : RHP Tadayoshi Tanaka
Batting: LHB Armando Carmona 0-0: Ball
1-0: Ground out 1-3 (Groundball, 13)
Batting: RHB Colin O'Connell 0-0: Ball
1-0: Called Strike
1-1: Called Strike
1-2: Ball
2-2: Foul Ball, location: 2F
2-2: Strikes out swinging
Batting: LHB Tim O'Neal 0-0: Swinging Strike
0-1: Ball
1-1: Ball
2-1: Called Strike
2-2: Hit by Pitch
Batting: SHB Joaquín Reyes 0-0: Ball
1-0: Called Strike
1-1: Ball
2-1: Called Strike
Tim O'Neal is caught stealing 2nd base
Top of the 7th over - 0 runs, 0 hits, 0 errors, 0 left on base; Sunset District 4 - Florida 10
BOTTOM OF THE 7TH
Florida Men batting - Pitching for Sunset District Fog : RHP Reynaldo Maestas
Batting: LHB Alfred Miles 0-0: Called Strike
0-1: Swinging Strike
0-2: Foul Ball, location: 2F
0-2: Ball
1-2: Foul Ball, location: 2F
1-2: Foul Ball, location: 2F
1-2: SINGLE (Line Drive, 89S)
Batting: SHB Tim Fowler 0-0: Ball
1-0: Ball
2-0: Ball
3-0: Base on Balls
Alfred Miles to second
Batting: RHB Warner Robinson 0-0: Ball
Alfred Miles steals 3rd base
Tim Fowler to second
1-0: SINGLE (Groundball, 3S) (infield hit)
Alfred Miles scores
Tim Fowler to third
Batting: LHB Jim Halpert 0-0: Ball
1-0: Ball
2-0: Fly out, F5 (Line Drive, 5)
Batting: RHB Henry Lambright 0-0: Called Strike
0-1: Ball
1-1: Ball
2-1: Ball
3-1: Base on Balls
Warner Robinson to second
Batting: RHB Kyle Vandenbrink 0-0: Ball
1-0: Foul Ball, location: 2F
1-1: Swinging Strike
1-2: Reached on error, E3 (Groundball, 34)
Tim Fowler scores
Warner Robinson to third
Henry Lambright to second
Batting: RHB Jorge Díaz 0-0: GRAND SLAM HOME RUN (Flyball, 78XD), Distance : 418 ft
Batting: RHB Ricardo Cardenas 0-0: Ball
1-0: Called Strike
1-1: SINGLE (Groundball, 6M) (infield hit)
Batting: RHB Manny Maltby 0-0: Called Strike
0-1: Ball
1-1: Foul Ball, location: 2F
1-2: Ball
2-2: DOUBLE (Line Drive, 89D)
Ricardo Cardenas to third
Runner from 3rd tries for Home, SAFE, no throw
Batting: LHB Alfred Miles 0-0: Ball
1-0: Ball
2-0: Called Strike
2-1: Reached on error, E1 (Groundball, 13)
Manny Maltby scores
Batting: SHB Tim Fowler 0-0: Called Strike
0-1: Ball
1-1: Ball
2-1: Called Strike
2-2: Ball
3-2: Base on Balls
Batting: RHB Warner Robinson 0-0: Called Strike
0-1: Foul Ball, location: 2F
0-2: Ball
1-2: Grounds into double play, 5-4-3 (Groundball, 56)
Bottom of the 7th over - 8 runs, 5 hits, 2 errors, 1 left on base; Sunset District 4 - Florida 18
TOP OF THE 8TH
Sunset District Fog batting - Pitching for Florida Men : RHP Tadayoshi Tanaka
Batting: SHB Joaquín Reyes 0-0: Ball
1-0: SINGLE (Flyball, 78S)
Batting: RHB Jud Regan 0-0: Called Strike
0-1: Swinging Strike
0-2: Ball
1-2: Ball
2-2: Foul Ball, location: 2F
2-2: Fly out, F9 (Flyball, 89S)
Batting: SHB José Rico 0-0: Ball
1-0: Ball
2-0: Called Strike
2-1: SINGLE (Groundball, 3D)
Joaquín Reyes to second
Runner from 2nd tries for 3rd, SAFE, throw made to third
Batting: SHB Orlando Villa 0-0: Called Strike
0-1: Grounds into double play, 5-4-3 (Groundball, 5)
Top of the 8th over - 0 runs, 2 hits, 0 errors, 1 left on base; Sunset District 4 - Florida 18
BOTTOM OF THE 8TH
Florida Men batting - Pitching for Sunset District Fog : RHP Reynaldo Maestas
Batting: LHB Jim Halpert 0-0: Ball
1-0: Ball
2-0: Called Strike
2-1: Fly out, F8 (Line Drive, 8RD)
Batting: RHB Henry Lambright 0-0: Ball
1-0: Called Strike
1-1: Swinging Strike
1-2: Ball
2-2: Ball
3-2: Foul Ball, location: 2F
3-2: Base on Balls
Pitching: LHP Billy Mays
Batting: RHB Kyle Vandenbrink 0-0: SINGLE (Flyball, 8RS)
Henry Lambright to second
Batting: RHB Jorge Díaz 0-0: Fly out, F9 (Flyball, 9LS)
Lined into DP, 9-6 (Flyball, 9LS)
Bottom of the 8th over - 0 runs, 1 hit, 0 errors, 1 left on base; Sunset District 4 - Florida 18
TOP OF THE 9TH
Sunset District Fog batting - Pitching for Florida Men : RHP Tadayoshi Tanaka
Batting: LHB Enrique Vásquez 0-0: Ball
1-0: Foul Ball, location: 2F
1-1: Reached on error, E6 (Groundball, 6M)
Batting: SHB José Ángel 0-0: Ball
1-0: Called Strike
1-1: Fly out, F8 (Flyball, 78M)
Batting: LHB Armando Carmona 0-0: Ball
1-0: Ball
2-0: Ball
3-0: Called Strike
3-1: SINGLE (Flyball, 9LS)
Enrique Vásquez to third
Batting: RHB Colin O'Connell 0-0: Called Strike
0-1: Swinging Strike
0-2: Ball
1-2: Strikes out swinging
Batting: LHB Tim O'Neal 0-0: Ball
1-0: Ball
2-0: Called Strike
2-1: Ball
3-1: Foul Ball, location: 2F
3-2: SINGLE (Groundball, 4D)
Enrique Vásquez scores
Armando Carmona to second
Armando Carmona to third
Batting: SHB Joaquín Reyes 0-0: Ball
1-0: Called Strike
1-1: SINGLE (Line Drive, 4)
Armando Carmona scores
Tim O'Neal to second
Batting: RHB Jud Regan 0-0: Ball
1-0: Called Strike
1-1: Foul Ball, location: 2F
1-2: Foul Ball, location: 2F
1-2: Ball
2-2: Fly out, F8 (Flyball, 8LM)
Top of the 9th over - 2 runs, 3 hits, 1 error, 2 left on base; Sunset District 6 - Florida 18
Tuesday, June 12th, 2018 - OOTP Baseball 18.8 Build 76